[Event "Spring Chess Classic B 2024"]
[Site "Saint Louis"]
[Date "2024.04.14"]
[Round "3.5"]
[White "Van Foreest, Lucas"]
[Black "Stearman, Josiah"]
[Result "0-1"]
[ECO "D00"]
[WhiteElo "2512"]
[BlackElo "2462"]
[Annotator "RC"]
[PlyCount "160"]
[EventDate "2024.04.11"]
[EventCountry "USA"]
[SourceTitle "playchess.com"]
[Source "ChessBase"]
[SourceQuality "1"]
[TimeControl "7200+30"]

1. d4 d5 2. Nc3 Nf6 3. Bf4 e6 4. Nb5 Na6 5. e3 c6 6. Nc3 Qb6 7. Rb1 c5 8. Nf3 Bd7 9. Ne5 Nb4 10. Be2 cxd4 11. O-O dxe3 12. Bxe3 Qc7 13. Bd4 Be7 14. Nb5 Bxb5 15. Bxb5+ Nc6 16. Ng4 Qd8 17. c4 dxc4 18. Nxf6+ Bxf6 19. Bxf6 Qxf6 20. Qd6 Rc8 21. Rfd1 Qe7 22. Bxc6+ bxc6 23. Qd4 O-O 24. Qxc4 Rfd8 25. Rbc1 Rxd1+ 26. Rxd1 Rd8 27. Rc1 Qb7 28. b4 g6 29. h3 Rd6 30. Qc5 Qd7 31. Kh2 h5 32. Rc3 Rd2 33. Qxc6 Qxc6 34. Rxc6 Rxa2 35. f3 Kg7 36. b5 Rb2 37. Ra6 Rxb5 38. Rxa7 Rb4 39. Kg1 h4 40. Kf2 Rb2+ 41. Kg1 Kf6 42. Ra4 Kg5 43. Rg4+ Kh5 44. Re4 Rb6 45. Ra4 f5 46. Kf2 Kg5 47. Rc4 e5 48. Ra4 Rb2+ 49. Kg1 Rd2 50. Rb4 Rd4 51. Rb6 e4 52. fxe4 fxe4 53. Kf2 Rd2+ 54. Kg1 Kf5 55. Kf1 g5 56. Rb3 Kf4 57. Ra3 Rd3 58. Ra5 Ke3 59. Ra1 Rb3 60. Ke1 Rc3 61. Kf1 Kd2 62. Ra2+ Kd3 63. Kf2 Rb3 64. Re2 Rb5 65. Re3+ Kd4 66. Ra3 Rb2+ 67. Kf1 e3 68. Ra8 Rf2+ 69. Kg1 Rc2 70. Kf1 Kd3 71. Rd8+ Ke4 72. Rf8 Rc1+ 73. Ke2 Rg1 74. g4 Rg2+ 75. Ke1 Rg3 76. Rf5 Rxh3 77. Rxg5 Rh1+ 78. Ke2 h3 79. Rh5 h2 80. g5 Ra1 0-1

[Event "Spring Chess Classic B 2024"]
[Site "Saint Louis"]
[Date "2024.04.15"]
[Round "4.1"]
[White "Raja Harshit"]
[Black "Stearman, Josiah"]
[Result "1-0"]
[ECO "D27"]
[WhiteElo "2458"]
[BlackElo "2462"]
[Annotator "ChessBase"]
[PlyCount "31"]
[EventDate "2024.04.11"]
[EventCountry "USA"]
[SourceTitle "playchess.com"]
[Source "ChessBase"]
[SourceQuality "1"]
[TimeControl "7200+30"]

1. d4 d5 2. Nf3 Nf6 3. c4 dxc4 4. e3 e6 5. Bxc4 a6 6. O-O c5 7. e4 b5 8. Bd3 Bb7 9. Qe2 cxd4 10. a4 Nbd7 11. axb5 axb5 12. Rxa8 Qxa8 13. e5 Nd5 14. Bxb5 N5b6 15. Nxd4 Bxg2 16. Rd1 1-0

[Event "Spring Chess Classic B 2024"]
[Site "Saint Louis"]
[Date "2024.04.15"]
[Round "4.2"]
[White "Kantor, Gergely"]
[Black "Van Foreest, Lucas"]
[Result "1/2-1/2"]
[ECO "D41"]
[WhiteElo "2527"]
[BlackElo "2512"]
[Annotator "TA"]
[PlyCount "50"]
[EventDate "2024.04.11"]
[EventCountry "USA"]
[SourceTitle "playchess.com"]
[Source "ChessBase"]
[SourceQuality "1"]
[TimeControl "7200+30"]

1. d4 d5 2. c4 e6 3. Nf3 Nf6 4. Nc3 c5 5. cxd5 cxd4 6. Qxd4 exd5 7. e4 Nc6 8. Bb5 dxe4 9. Qxd8+ Kxd8 10. Ng5 {[%emt 0:02:17][%csl LRe4,LRf7] White is slightly better.} Ke8 11. O-O Bf5 12. Re1 Bb4 13. Bd2 h6 14. Ngxe4 Nxe4 15. Nxe4 Bxd2 16. Nxd2+ Be6 17. Nb3 {[%emt 0:11:19] White is more active.} Ke7 18. Bxc6 bxc6 19. Nd4 Rac8 20. Rac1 c5 21. Nxe6 fxe6 22. Rc2 ({White should play} 22. Re4 $16) 22... Rhd8 $11 23. Kf1 Rd4 24. Re3 Rc6 25. Ke2 Kd6 {[%emt 0:01:09] Weighted Error Value: White=0.05 (flawless) /Black=0.04 (flawless) .  Mistake:       	White=1     	---        OK:         	White=8     	Black=6      Best:        	White=1     	---} 1/2-1/2

[Event "Spring Chess Classic B 2024"]
[Site "Saint Louis"]
[Date "2024.04.15"]
[Round "4.3"]
[White "Woodward, Andy"]
[Black "Chandra, Akshat"]
[Result "1-0"]
[ECO "E11"]
[WhiteElo "2515"]
[BlackElo "2489"]
[Annotator "ChessBase"]
[PlyCount "21"]
[EventDate "2024.04.11"]
[EventCountry "USA"]
[SourceTitle "playchess.com"]
[Source "ChessBase"]
[SourceQuality "1"]
[TimeControl "7200+30"]

1. d4 Nf6 2. c4 e6 3. g3 d5 4. Bg2 Bb4+ 5. Bd2 a5 6. Nf3 O-O 7. Qb3 Be7 8. Nc3 c6 9. O-O Nbd7 10. Rfd1 Nb6 11. Ne5 1-0

[Event "Spring Chess Classic B 2024"]
[Site "Saint Louis"]
[Date "2024.04.15"]
[Round "4.4"]
[White "Batsuren, Dambasuren"]
[Black "Budisavljevic, Luka"]
[Result "1-0"]
[ECO "E48"]
[WhiteElo "2515"]
[BlackElo "2483"]
[Annotator "ChessBase"]
[PlyCount "34"]
[EventDate "2024.04.11"]
[EventCountry "USA"]
[SourceTitle "playchess.com"]
[Source "ChessBase"]
[SourceQuality "1"]
[TimeControl "7200+30"]

1. d4 e6 2. c4 Nf6 3. Nc3 Bb4 4. e3 O-O 5. Bd3 d5 6. cxd5 exd5 7. a3 Bd6 8. Qc2 a6 9. Nge2 b6 10. e4 dxe4 11. Nxe4 h6 12. Nxd6 cxd6 13. O-O Bb7 14. Ng3 Nc6 15. Bxh6 gxh6 16. Qd2 Nh7 17. Qxh6 f5 1-0

[Event "Spring Chess Classic B 2024"]
[Site "Saint Louis"]
[Date "2024.04.14"]
[Round "4.5"]
[White "Ali Marandi, Cemil Can"]
[Black "Kevlishvili, Robby"]
[Result "1/2-1/2"]
[ECO "A28"]
[WhiteElo "2516"]
[BlackElo "2524"]
[Annotator "RC"]
[PlyCount "68"]
[EventDate "2024.04.11"]
[EventCountry "USA"]
[SourceTitle "playchess.com"]
[Source "ChessBase"]
[SourceQuality "1"]
[TimeControl "7200+30"]

1. c4 e5 2. Nf3 Nc6 3. Nc3 Nf6 4. e3 Bb4 5. Qc2 O-O 6. Be2 Bxc3 7. Qxc3 Qe7 8. O-O d5 9. cxd5 Nxd5 10. Qb3 Rd8 11. d3 Na5 12. Qb5 Nc6 13. Qb3 Na5 14. Qb5 Nc6 15. Bd2 a6 16. Qa4 Bf5 17. e4 Nf4 18. Bxf4 exf4 19. exf5 Qxe2 20. Qxf4 Qxb2 21. Rab1 Qxa2 22. Rxb7 Qd5 23. Rxc7 Nd4 24. Nxd4 Qxd4 25. Qxd4 Rxd4 26. h3 Rxd3 27. Ra1 h6 28. Rc6 Rd5 29. Raxa6 Rxa6 30. Rxa6 Rxf5 31. Ra8+ Kh7 32. Ra6 Kg8 33. Ra8+ Kh7 34. Ra6 Kg8 1/2-1/2

[Event "Spring Chess Classic B 2024"]
[Site "Saint Louis"]
[Date "2024.04.16"]
[Round "5.1"]
[White "Kevlishvili, Robby"]
[Black "Raja Harshit"]
[Result "1/2-1/2"]
[ECO "C67"]
[WhiteElo "2524"]
[BlackElo "2458"]
[Annotator "RC"]
[PlyCount "89"]
[EventDate "2024.04.11"]
[EventCountry "USA"]
[SourceTitle "playchess.com"]
[Source "ChessBase"]
[SourceQuality "1"]
[TimeControl "7200+30"]

1. e4 e5 2. Nf3 Nc6 3. Bb5 Nf6 4. O-O Nxe4 5. Re1 Nd6 6. Nxe5 Nxe5 7. Rxe5+ Be7 8. Bf1 O-O 9. d4 Bf6 10. Re1 Re8 11. Bf4 Rxe1 12. Qxe1 Bxd4 13. Bxd6 cxd6 14. Nc3 Be5 15. Rd1 b6 16. Nd5 Bb7 17. c3 Rc8 18. g3 Bxd5 19. Rxd5 g6 20. Bg2 Rc5 21. Rd3 b5 22. Bd5 Kg7 23. Qd1 a5 24. a3 Rc8 25. Kg2 Qb6 26. Qf3 Rf8 27. Qe2 Qc5 28. Bf3 Qc4 29. Bd5 Qc5 30. Bf3 Qc4 31. Qd2 Rc8 32. Bb7 Rb8 33. Bd5 Qc5 34. Rf3 Rf8 35. b4 Qb6 36. Qa2 f5 37. Qe2 axb4 38. axb4 Qb8 39. Rd3 Rc8 40. f4 Bf6 41. Re3 Kf8 42. Qe1 Qc7 43. Qe2 Qb8 44. Qe1 Qc7 45. Qe2 1/2-1/2

[Event "Spring Chess Classic B 2024"]
[Site "Saint Louis"]
[Date "2024.04.16"]
[Round "5.2"]
[White "Budisavljevic, Luka"]
[Black "Ali Marandi, Cemil Can"]
[Result "0-1"]
[ECO "E71"]
[WhiteElo "2483"]
[BlackElo "2516"]
[Annotator "RC"]
[PlyCount "99"]
[EventDate "2024.04.11"]
[EventCountry "USA"]
[SourceTitle "playchess.com"]
[Source "ChessBase"]
[SourceQuality "1"]
[TimeControl "7200+30"]

1. d4 Nf6 2. c4 g6 3. Nc3 Bg7 4. e4 d6 5. h3 O-O 6. Be3 e5 7. d5 a5 8. g4 Na6 9. Nge2 h5 10. f3 Ne8 11. Qd2 f5 12. gxf5 gxf5 13. Bg5 Bf6 14. Rg1 Kh7 15. f4 Nc5 16. O-O-O Ng7 17. h4 fxe4 18. Ng3 Bxg5 19. fxg5 Rf4 20. Ncxe4 Nxe4 21. Nxe4 Bf5 22. Nf6+ Kg6 23. Be2 Qe7 24. Rdf1 Rxh4 25. Bd3 e4 26. Qe1 Rh2 27. Bxe4 Qe5 28. Bxf5+ Nxf5 29. Qxe5 dxe5 30. Kb1 Ne3 31. Rf3 Nxc4 32. Ne4 Nd2+ 33. Nxd2 Rxd2 34. Rf6+ Kg7 35. Re6 Rxd5 36. Rf1 Rf8 37. Re7+ Kg8 38. Rxf8+ Kxf8 39. Rxc7 e4 40. g6 e3 41. Rf7+ Kg8 42. Re7 h4 43. Rxe3 Rh5 44. Rh3 Kg7 45. Kc2 Kxg6 46. Kd3 Kg5 47. Ke4 Kg4 48. Rh1 Kg3 49. Rg1+ Kf2 50. Rh1 0-1

[Event "Spring Chess Classic B 2024"]
[Site "Saint Louis"]
[Date "2024.04.16"]
[Round "5.3"]
[White "Chandra, Akshat"]
[Black "Batsuren, Dambasuren"]
[Result "0-1"]
[ECO "C54"]
[WhiteElo "2489"]
[BlackElo "2515"]
[Annotator "RC"]
[PlyCount "128"]
[EventDate "2024.04.11"]
[EventCountry "USA"]
[SourceTitle "playchess.com"]
[Source "ChessBase"]
[SourceQuality "1"]
[TimeControl "7200+30"]

1. e4 e5 2. Nf3 Nc6 3. Bc4 Nf6 4. d3 Bc5 5. O-O d6 6. c3 h6 7. Re1 O-O 8. b4 Bb6 9. Bb3 Ne7 10. Nbd2 c6 11. d4 Ng6 12. h3 Re8 13. Qc2 Nh5 14. Nc4 Bc7 15. dxe5 dxe5 16. Ne3 Nh4 17. Qd1 Qxd1 18. Bxd1 Nxf3+ 19. Bxf3 Nf4 20. Rd1 a5 21. h4 Rd8 22. Rxd8+ Bxd8 23. g3 Nd3 24. Bd2 axb4 25. cxb4 Be7 26. Nc2 c5 27. bxc5 Bxc5 28. Be3 Be6 29. Bxc5 Nxc5 30. a3 Ra4 31. Nb4 Nb3 32. Rd1 Rxa3 33. Rd8+ Kh7 34. Rb8 Nc5 35. Bg2 Ra4 36. Nc2 Rc4 37. Ne3 Rb4 38. Nd5 Rb1+ 39. Kh2 Rb2 40. Kg1 Nd3 41. f4 Ne1 42. Bh1 Bg4 43. Rf8 Rb1 44. Kh2 Nf3+ 45. Bxf3 Bxf3 46. g4 Bxe4 47. Nc3 Rb2+ 48. Kg1 Bc6 49. fxe5 Rg2+ 50. Kf1 Rg3 51. Ne2 Rxg4 52. Rxf7 Re4 53. Ng3 Rxe5 54. Kf2 Kg6 55. Rc7 h5 56. Rc8 Re8 57. Rc7 Rf8+ 58. Kg1 Rf3 59. Ne2 Kh6 60. Rc8 Kh7 61. Rd8 Re3 62. Nf4 Rg3+ 63. Kh2 Rg4 64. Rf8 Rxh4+ 0-1

[Event "Spring Chess Classic B 2024"]
[Site "Saint Louis"]
[Date "2024.04.16"]
[Round "5.4"]
[White "Van Foreest, Lucas"]
[Black "Woodward, Andy"]
[Result "1-0"]
[ECO "E60"]
[WhiteElo "2512"]
[BlackElo "2515"]
[Annotator "RC"]
[PlyCount "96"]
[EventDate "2024.04.11"]
[EventCountry "USA"]
[SourceTitle "playchess.com"]
[Source "ChessBase"]
[SourceQuality "1"]
[TimeControl "7200+30"]

1. d4 Nf6 2. c4 g6 3. h4 c6 4. Nc3 d5 5. cxd5 cxd5 6. Bf4 Bg7 7. e3 O-O 8. Be2 Nc6 9. Nf3 Bg4 10. O-O e6 11. Rc1 Rc8 12. Bh2 h6 13. Nd2 Bxe2 14. Qxe2 a6 15. Na4 Qe7 16. Rfd1 e5 17. Nb6 Rcd8 18. dxe5 Nxe5 19. Nf3 Nc6 20. Qd3 d4 21. exd4 Ng4 22. d5 Nxh2 23. Nxh2 Nd4 24. Re1 Qb4 25. Nc4 Rxd5 26. Nf1 b5 27. Qe4 Rfd8 28. a3 Qf8 29. Nce3 R5d7 30. b4 f5 31. Qb1 Qf7 32. Nc2 Ne6 33. Rcd1 Nf4 34. Rxd7 Rxd7 35. Nce3 Bf6 36. Nh2 Rd2 37. Nf3 Ne2+ 38. Kh1 Nc3 39. Qc1 Rd7 40. h5 Kh7 41. Qc2 Ne4 42. Kg1 Rc7 43. hxg6+ Kxg6 44. Qb1 Qe6 45. Nxf5 Qxf5 46. Rxe4 Rc4 47. Nd2 Rd4 48. g4 Rd5 1-0

[Event "Spring Chess Classic B 2024"]
[Site "Saint Louis"]
[Date "2024.04.16"]
[Round "5.5"]
[White "Stearman, Josiah"]
[Black "Kantor, Gergely"]
[Result "0-1"]
[ECO "E28"]
[WhiteElo "2462"]
[BlackElo "2527"]
[Annotator "RC"]
[PlyCount "72"]
[EventDate "2024.04.11"]
[EventCountry "USA"]
[SourceTitle "playchess.com"]
[Source "ChessBase"]
[SourceQuality "1"]
[TimeControl "7200+30"]

1. d4 Nf6 2. c4 e6 3. Nc3 Bb4 4. e3 O-O 5. a3 Bxc3+ 6. bxc3 b6 7. Bd3 Bb7 8. f3 c5 9. e4 Nc6 10. Nh3 d6 11. Be3 Nd7 12. O-O cxd4 13. cxd4 e5 14. d5 Na5 15. f4 exf4 16. Nxf4 Ne5 17. Bd4 Qg5 18. Rc1 Bc8 19. Rc3 Qe7 20. Be2 f5 21. Nh5 g6 22. Rg3 Bd7 23. exf5 Rxf5 24. Re1 Re8 25. Bc3 Qf8 26. c5 dxc5 27. Ba6 Qd6 28. Re4 Ref8 29. Qe2 Re8 30. Nf4 Nb3 31. Ne6 Bxe6 32. Bxe5 Qxd5 33. Bc4 Qd2 34. Bf4 Qxe2 35. Rxe2 Nd4 36. Re4 Rxf4 0-1

[Event "Spring Chess Classic B 2024"]
[Site "Saint Louis"]
[Date "2024.04.17"]
[Round "6.2"]
[White "Woodward, Andy"]
[Black "Stearman, Josiah"]
[Result "1/2-1/2"]
[ECO "A62"]
[WhiteElo "2515"]
[BlackElo "2462"]
[Annotator "TA"]
[PlyCount "92"]
[EventDate "2024.04.11"]
[EventCountry "USA"]
[SourceTitle "playchess.com"]
[Source "ChessBase"]
[SourceQuality "1"]
[TimeControl "7200+30"]

1. d4 Nf6 2. c4 e6 3. g3 c5 4. d5 exd5 5. cxd5 d6 6. Nc3 g6 7. Bg2 Bg7 8. Nf3 O-O 9. O-O Re8 10. Bf4 Bf5 11. Rc1 Ne4 12. Nd2 Nxc3 13. bxc3 g5 14. e4 Bg6 15. Be3 Nd7 16. h3 b5 17. a4 a6 18. Rb1 Rb8 $1 19. axb5 axb5 (19... Bxc3 $2 20. bxa6 Qa5 21. Qe2 $18 (21. Bxg5 Qxa6 22. Rc1 Bg7 $16)) 20. Qe2 c4 $1 (20... Bxc3 21. Rxb5 Qe7 22. Rfb1 $11) 21. Ba7 Rb7 22. Nxc4 (22. Be3 $1 $15) 22... Nf6 $17 (22... Rxa7 23. Nxd6 Re7 24. Nxb5 $17) 23. Bd4 Nxe4 24. Bxg7 (24. Bxe4 $17 Bxe4 25. Bxg7 Bxb1 (25... Kxg7 26. Ne3 $17) 26. Ne3) 24... Kxg7 (24... Nxg3 $19 25. Qxe8+ Qxe8 26. fxg3 Qb8 (26... Kxg7 $2 27. Nxd6 Qe3+ 28. Kh2 $19) (26... bxc4 $2 27. Rxb7 Kxg7 28. Rf3 $19)) 25. Qe3 (25. Qd1 $17 {was worth a try.}) 25... Qc7 $36 {[%emt 0:16:14][%mdl 2048] Black is really pushing.} 26. Na3 Qxc3 27. Rxb5 Qxe3 28. fxe3 {[%emt 0:00:03] [#]} Ra7 29. Bxe4 Bxe4 (29... Rxa3 30. Bxg6 Kxg6 (30... hxg6 31. Rb7 $11) 31. Rb6 $15) (29... Rxe4 30. Rb3 $17) 30. Nc4 Bd3 31. Nxd6 Bxb5 (31... Rxe3 32. Nf5+ Bxf5 33. Rxf5 $15) 32. Nxb5 $19 {[%emt 0:00:12][%mdl 4096] Endgame. KRR-KRN} Rd7 33. Nd4 Rxd5 34. g4 Kg6 ({Less strong is} 34... Rxe3 35. Nf5+ Rxf5 36. Rxf5 $15) 35. Kf2 h5 36. Rb1 Rde5 37. Rb6+ f6 ({Black should try} 37... Kh7 $19 38. gxh5 Rxe3) 38. gxh5+ $1 $15 Kg7 ({Much weaker is} 38... Kxh5 39. Rxf6 Rh8 (39... Rxe3 40. Nf5 $11) 40. Nf5 $11) (38... Kf7 $15) 39. e4 $1 $11 {[%emt 0:02:08] The position is equal.} Rxe4 40. Nf5+ Kg8 {[%emt 0:02:29] [#] Strongly threatening ...Rf4+.} 41. Rxf6 Rf4+ 42. Kg3 Re1 43. Rg6+ Kh7 44. Rh6+ Kg8 45. Rg6+ Kh7 46. Rh6+ Kg8 {[%emt 0:00:04] And White is the lucky defender.   Weighted Error Value: White=0.16 (very precise) /Black=0.14 (very precise) .  Mistake:       	White=3     	Black=3      Inaccurate:     	White=2     	Black=1      OK:         	White=16    	Black=14     Best:        	White=1     	Black=5      Strong:       	White=2     	Black=2} 1/2-1/2

[Event "Spring Chess Classic B 2024"]
[Site "Saint Louis"]
[Date "2024.04.17"]
[Round "6.3"]
[White "Batsuren, Dambasuren"]
[Black "Van Foreest, Lucas"]
[Result "1-0"]
[ECO "D27"]
[WhiteElo "2515"]
[BlackElo "2512"]
[Annotator "TA"]
[PlyCount "111"]
[EventDate "2024.04.11"]
[EventCountry "USA"]
[SourceTitle "playchess.com"]
[Source "ChessBase"]
[SourceQuality "1"]
[TimeControl "7200+30"]

1. d4 d5 2. c4 dxc4 3. Nf3 Nf6 4. e3 e6 5. Bxc4 a6 6. O-O c5 7. Bb3 b5 {[%emt 0:00:21] 7...cxd4 is not played anymore.} 8. a4 Bb7 9. axb5 {[%emt 0:23:28] D27: Queen's Gambit Accepted: Classical main line: 7 e4!? and 7 a4.} axb5 10. Rxa8 Bxa8 11. dxc5 $1 {[%emt 0:08:12][%mdl 4] is now more promising than 11.Qe2.} Bxc5 12. Qxd8+ Kxd8 13. Nc3 b4 14. Na4 Nbd7 15. Nxc5 Nxc5 16. Bc4 Bd5 17. Bd2 $146 ({Predecessor:} 17. Be2 Ke7 18. Bd2 Rb8 19. Ra1 Rb7 20. Be1 Nfd7 21. Ra5 b3 22. Nd4 f5 23. f3 {½-½ Seres,L (2417)-Siddharth,J (2331) Budapest FS09 GM 2021 (2)}) 17... Bxc4 18. Rc1 Bd5 19. Rxc5 Nd7 20. Rb5 Kc7 21. Bxb4 f6 22. Nd4 Ne5 (22... Rb8 $14) 23. e4 $1 $18 Bxe4 (23... Nc6 $142 24. exd5 Nxd4 25. d6+ Kc6 26. Rc5+ Kb6) 24. Nxe6+ $18 Kc6 {[%emt 0:01:24] [#]} 25. Rc5+ $1 Kb6 26. Ba5+ (26. Nxg7 Rg8 27. f3 Rxg7 28. fxe4 Nd3 $19) 26... Ka6 27. Bc3 (27. Nxg7 Rg8 28. f3 Nd7 $17) 27... Nd3 28. Rc4 Bg6 29. Ra4+ (29. Nxg7 Kb5 $18) 29... Kb5 30. Ra7 Kc4 31. Nxg7 ({But not} 31. Rxg7 Re8) 31... Rd8 32. h3 Rd6 33. Re7 (33. f4 $142 Rd5 34. Bxf6) 33... Ra6 (33... Nf4 $142 34. Ne8 Rd1+ 35. Kh2 Nd5) 34. f3 $18 Nf4 35. Kh2 Nd5 36. Re6 Ra7 37. Ne8 (37. Bxf6 Nxf6 38. Rc6+ Kd5 39. Rxf6 Rxg7 $19) 37... Nxc3 38. bxc3 Kd5 39. Re1 ({Not} 39. Rxf6 Bxe8 40. Rf4 Rc7 $11) 39... Rf7 40. Rd1+ Ke6 41. Rd4 Re7 42. Nd6 Rc7 43. Nb5 Rc5 44. c4 Ke7 45. Nc3 Ke6 46. Kg3 Bf7 47. Ne4 Rc6 48. c5 Ke5 49. Rd6 Rxd6 (49... Rc8 $142 50. Nxf6 (50. Rxf6 Bg6 $18) 50... Rxc5) 50. Nxd6 $18 Be6 51. f4+ Kd5 52. Ne8 (52. f5 $142 Bg8 53. Kf4) 52... Kxc5 53. Nxf6 Bf5 54. Kh4 Kd6 55. g4 Ke6 56. Kg5 1-0

[Event "Spring Chess Classic B 2024"]
[Site "Saint Louis"]
[Date "2024.04.16"]
[Round "6.4"]
[White "Ali Marandi, Cemil Can"]
[Black "Chandra, Akshat"]
[Result "1/2-1/2"]
[ECO "D44"]
[WhiteElo "2516"]
[BlackElo "2489"]
[Annotator "RC"]
[PlyCount "58"]
[EventDate "2024.04.11"]
[EventCountry "USA"]
[SourceTitle "playchess.com"]
[Source "ChessBase"]
[SourceQuality "1"]
[TimeControl "7200+30"]

1. c4 e6 2. d4 Nf6 3. Nf3 d5 4. Nc3 c6 5. Bg5 dxc4 6. e4 b5 7. e5 h6 8. Bh4 g5 9. Nxg5 hxg5 10. Bxg5 Nbd7 11. g3 Bb7 12. Bg2 Qb6 13. exf6 c5 14. d5 O-O-O 15. O-O b4 16. Rb1 Qa6 17. dxe6 Bxg2 18. e7 Bxf1 19. Qd5 Bxe7 20. fxe7 Bd3 21. exd8=Q+ Rxd8 22. Ne4 Bxb1 23. Nd6+ Kc7 24. Bf4 Kb6 25. Nxc4+ Kb5 26. Nd6+ Kb6 27. Nc4+ Kb5 28. Nd6+ Kb6 29. Nc4+ Kb5 1/2-1/2

[Event "Spring Chess Classic B 2024"]
[Site "Saint Louis"]
[Date "2024.04.16"]
[Round "6.5"]
[White "Kevlishvili, Robby"]
[Black "Budisavljevic, Luka"]
[Result "1/2-1/2"]
[ECO "C07"]
[WhiteElo "2524"]
[BlackElo "2483"]
[Annotator "RC"]
[PlyCount "62"]
[EventDate "2024.04.11"]
[EventCountry "USA"]
[SourceTitle "playchess.com"]
[Source "ChessBase"]
[SourceQuality "1"]
[TimeControl "7200+30"]

1. e4 e6 2. d4 d5 3. Nd2 c5 4. Ngf3 cxd4 5. Nxd4 Nc6 6. Bb5 Bd7 7. Nxc6 bxc6 8. Bd3 Qc7 9. Qe2 Ne7 10. O-O Ng6 11. Nf3 Be7 12. c4 dxe4 13. Bxe4 O-O 14. Bc2 f5 15. c5 e5 16. Ng5 Bxg5 17. Qc4+ Kh8 18. Bxg5 Rae8 19. f3 Be6 20. Qc3 Qf7 21. Rfe1 Bd5 22. Be3 Re6 23. Re2 Rfe8 24. Rae1 R6e7 25. Bg5 Re6 26. Be3 R6e7 27. b3 Kg8 28. Bg5 Re6 29. Be3 R6e7 30. Bg5 Re6 31. Be3 R6e7 1/2-1/2

[Event "Spring Chess Classic B 2024"]
[Site "Saint Louis"]
[Date "2024.04.18"]
[Round "7.1"]
[White "Budisavljevic, Luka"]
[Black "Raja Harshit"]
[Result "1/2-1/2"]
[ECO "B38"]
[WhiteElo "2483"]
[BlackElo "2458"]
[Annotator "TA"]
[PlyCount "170"]
[EventDate "2024.04.11"]
[EventCountry "USA"]
[SourceTitle "playchess.com"]
[Source "ChessBase"]
[SourceQuality "1"]
[TimeControl "7200+30"]

1. Nf3 Nf6 2. c4 g6 3. Nc3 Bg7 4. e4 c5 5. d4 cxd4 6. Nxd4 Nc6 7. Be3 O-O 8. Be2 d6 9. O-O Bd7 10. h3 Rc8 11. Nf3 a6 12. Rc1 Qa5 13. a3 b5 14. c5 Rfd8 {[%emt 0:02:02] White is better.} 15. cxd6 exd6 16. Qxd6 Bxh3 17. Qg3 Be6 18. Qh4 (18. Ng5 $1 $16) 18... Re8 $14 19. Ng5 Bc4 {[%emt 0:11:02] [#]} (19... h5 $14) 20. Nd5 $2 Bxd5 $11 21. exd5 Ne5 (21... Ne7 $15 22. Rxc8 Nxc8) 22. Rxc8 $14 Rxc8 23. Bd4 Re8 24. Rd1 {[%emt 0:03:26] Repels Qd2} (24. Ne6 $5 Ned7 (24... fxe6 25. Bxe5 exd5 26. Qd4 $11) 25. Bg4 fxe6 26. dxe6 $16) 24... h6 25. Ne6 fxe6 26. Bxe5 {[%emt 0:00:04] A strong pair of Bishops.} Nxd5 27. Qg3 Bxe5 $1 28. Qxe5 {[%emt 0:00:03] Black must now prevent Rxd5.} Qd8 29. a4 bxa4 30. Bxa6 Re7 31. Bb5 Qc7 32. Qe4 Kf7 (32... Kh7 $11 {remains equal.}) 33. Bd3 $1 $16 (33. Bxa4 Qf4 34. Qxf4+ Nxf4 $11) 33... Qf4 34. Qxg6+ Kf8 35. Bf1 Qf6 36. Qc2 Rc7 37. Qe4 (37. Qxa4 Qxb2 38. Qa5 Rf7) 37... Rf7 (37... h5 $142) 38. Qc2 (38. Qxa4 $2 Qxf2+ 39. Kh2 Rf4 (39... Qxb2 40. Qe4 $15) 40. Qa8+ Kf7 $19) 38... Rc7 $1 39. Qe4 Rf7 $1 40. Rd2 (40. Qxa4 $2 Qxf2+ 41. Kh2 Rf4 (41... Qxb2 42. Qa1 $15) 42. Qa8+ Kf7 $19) 40... Qf4 41. Qe2 (41. Qxe6 $2 Qxd2 42. Qc8+ Kg7 43. Qg4+ Kh8 (43... Qg5 $2 44. Qxa4 $19) 44. Qc8+ Kh7 $19) 41... Qg5 (41... Nf6 $16) 42. Rc2 Nf4 43. Qf3 (43. Qe3 $142) 43... Nd5 44. Qa3+ Kg7 45. Qxa4 h5 (45... Nf6 $16 46. b4 Ng4 47. Qa1+ Qf6) 46. Qd4+ Qf6 47. Qe4 Qf5 48. Qd4+ Qf6 49. Qd1 h4 50. Qg4+ Kh6 (50... Qg6 $142 51. Qe2 (51. Qxh4 $2 {loses.} Qxc2 52. Qg3+ Qg6 $19) 51... Rf4) 51. Kh1 (51. b4 $18) 51... Rg7 (51... Ra7 $16) 52. Qe4 $18 Nf4 53. Rc8 {[%emt 0:01:01] And now Rh8+ would win.} Rg5 54. Rc7 ({White should try} 54. Rc4 $18 Rf5 55. Qe3) 54... Ng6 (54... Rf5 $142) 55. Qb7 {[%emt 0:01:21] White has more active pieces.} (55. Kg1 $142) 55... Rf5 $16 56. Rh7+ Kg5 57. Be2 $1 $40 {[%emt 0:02:02][%mdl 128] Rh5+ would now be deadly. Black is in trouble.} Qd4 58. Rh5+ Kf6 59. Rxf5+ $1 exf5 {[%emt 0:00:14][%mdl 4096] Endgame. KQB-KQN} 60. Qc6+ (60. Kg1 {is interesting.} Ne5 61. b4 Qa1+ 62. Bf1) 60... Kg5 (60... Kg7 $1 $14) 61. Qc1+ Nf4 62. Kg1 Kf6 63. Bf1 Qe4 {[%emt 0:00:56] Prevents Qc6+} (63... Ng6 $16 {was necessary.} 64. Qc6+ Kg5) 64. Qc3+ $18 Kg6 65. Qd2 Nd5 66. Bd3 Qf4 {[%emt 0:00:40] [#]} 67. Qxf4 $1 Nxf4 {[%emt 0:00:03] KB-KN} 68. Bc4 Kf6 69. b4 {[%emt 0:00:03] Strongly threatening Kh2.} Ke5 70. b5 Kd6 71. Kh2 Kc5 $2 (71... Ke5 72. g3 (72. b6 Kd6 $18) 72... hxg3+ 73. fxg3 (73. Kxg3 Nh5+ 74. Kh4 Nf6 $18) 73... Ng6) 72. Bf1 (72. g3 $142 hxg3+ 73. Kxg3 (73. fxg3 Nh5 $16)) 72... Kd6 {[%emt 0:00:32] [#]} 73. g3 $1 hxg3+ 74. fxg3 (74. Kxg3 $18 Nh5+ 75. Kf3) 74... Nd5 (74... Ng6 $16) 75. Kg2 $2 (75. Bd3 $18 Kc5 76. Kh3 (76. Bxf5 Kxb5 77. Bh3 Kc5 $11)) 75... f4 $11 {[%emt 0:02:08] The position is equal.} 76. g4 Ne3+ 77. Kf3 Nxf1 78. Kxf4 {[%emt 0:00:02] KN-KPP} Nd2 $1 79. g5 {[%emt 0:00:26] Threatening mate with g6.} Nc4 80. Kf5 Ne5 81. b6 Nf3 82. g6 {Intending g7 and mate.} (82. b7 $5 Kc7 $8 83. Kf6 Nxg5 84. Kxg5 $11) 82... Nh4+ $1 83. Kf6 {White threatens g7 and mate.} Nxg6 $1 84. Kxg6 (84. b7 $5 Kc7 $8 85. Kxg6 $11) 84... Kc6 85. Kf5 Kxb6 {White really could win this.   Weighted Error Value: White=0.30/Black=0.24 (precise) .  Missed win:     	White=2     	---        Mistake:       	White=7     	Black=14     Inaccurate:     	White=2     	Black=5      OK:         	White=20    	Black=21     Best:        	White=7     	Black=9      Strong:       	White=3     	Black=6} 1/2-1/2